[Event "German Bundesliga 2024-25"]
[Site "Germany"]
[Date "2024.09.29"]
[Round "2.13"]
[White "Jovanovic, Zoran"]
[Black "Esipenko, Andrey"]
[Result "0-1"]
[Annotator "TA"]
[ECO "C48"]
[WhiteElo "2525"]
[BlackElo "2677"]
[PlyCount "174"]
[EventDate "2024.09.27"]
[EventType "team-tourn"]
[EventCountry "GER"]
[SourceTitle "playchess.com"]
[Source "ChessBase"]
[SourceQuality "1"]
[WhiteTeam "SK Kirchweyhe"]
[BlackTeam "Duesseldorfer SK"]
[TimeControl "40/5400+30:1800+30"]

1. e4 e5 2. Nf3 Nc6 3. Nc3 Nf6 4. Bb5 Bd6 5. d3 O-O 6. Bg5 {[%emt 0:12:41] C48: Four Knights: 4 Bb5, replies other than 4...Bb4.} h6 {[%emt 0:02:13] 6...a6 is vanishing.} 7. Bh4 Nd4 8. Nxd4 exd4 9. Nd5 g5 10. Nxf6+ Qxf6 11. Bg3 Bxg3 12. hxg3 c6 13. Bc4 d5 14. Bb3 a5 15. a4 Kg7 $146 ({Predecessor:} 15... dxe4 16. dxe4 Be6 17. Bxe6 fxe6 18. Qe2 e5 19. Ra3 Kg7 20. O-O Qe6 21. Qd2 c5 22. Rb3 {½-½ Hovhannisyan,R (2611)-Bluebaum,M (2647) Jermuk Avagyan Memorial 2024 (2)}) 16. exd5 Re8+ 17. Kf1 cxd5 18. Qf3 Qxf3 19. gxf3 Be6 20. f4 f6 21. fxg5 fxg5 22. Kg2 Bf7 23. g4 Re7 24. Rae1 Rae8 25. Rxe7 Rxe7 26. Kf3 Be8 27. Kg3 Bc6 28. Rc1 Re6 29. Rh1 Re5 30. Kf3 Kg6 31. Kg3 Re6 32. Kg2 Re5 33. Kg3 Be8 34. Rc1 Kf6 35. Rh1 Kg7 36. Rc1 Bf7 37. Kf3 Re7 38. Ra1 Bg8 39. Rc1 Be6 40. Kg3 Bf7 41. Kf3 Re8 42. Ra1 Kf6 43. Rh1 Rh8 44. Kg3 Ke5 45. Re1+ Kd6 46. Rh1 Be6 47. Rh2 Bc8 48. Rh1 Bd7 49. Rh5 b5 50. axb5 Bxb5 51. f4 Be8 52. Rh1 gxf4+ 53. Kxf4 a4 54. Ba2 Kc5 55. Ke5 Rg8 56. Rxh6 Rxg4 57. Rh8 Bd7 58. Rd8 Rg5+ 59. Kf6 Rf5+ 60. Kg6 Be6 $1 61. Re8 (61. Ra8 $11) 61... Kd6 $1 $17 62. Ra8 Rf2 63. Rxa4 Ke5 (63... Rxc2 $17 64. Rxd4 Rxb2) 64. Bb3 $11 Rg2+ 65. Kh5 $1 Bg4+ 66. Kh4 Bd1 67. Ra8 Bxc2 68. Re8+ Kf4 69. Rf8+ Ke5 70. Re8+ Kd6 71. Bxc2 Rxc2 72. Rb8 Rd2 73. Rb3 $1 Rg2 74. Rb8 (74. Kh3 $11 {remains equal.} Rg8 75. Rb7) 74... Ke5 $1 $17 75. Kh3 Rd2 76. Kg4 $2 (76. Kg3 $17) 76... Rxd3 $19 77. Re8+ Kd6 78. Kf4 {[%emt 0:00:01] [#]} Rb3 $2 (78... Rh3 $1 $19 {Hoping for ...d3.} 79. Rd8+ Kc6 80. Rc8+ Kb5) 79. Rd8+ $11 Ke6 80. Re8+ Kd7 81. Rh8 {[%emt 0:01:26] [#]} (81. Re1 $11 {keeps the balance.}) 81... Re3 $1 $17 ({Of course not} 81... Rxb2 $6 82. Ke5 $11) 82. b4 $2 (82. Rh6 $17) 82... Kc6 83. Rb8 Re7 84. b5+ Kc5 85. b6 d3 86. Rc8+ Kd4 87. Rc7 Re1 0-1

[Event "German Bundesliga 2024-25"]
[Site "Germany"]
[Date "2024.10.06"]
[Round "2.13"]
[White "Neuman, Petr"]
[Black "Van Foreest, Lucas"]
[Result "1/2-1/2"]
[Annotator "TA"]
[ECO "D37"]
[WhiteElo "2422"]
[BlackElo "2522"]
[PlyCount "42"]
[EventDate "2024.09.27"]
[EventType "team-tourn"]
[EventCountry "GER"]
[SourceTitle "playchess.com"]
[Source "ChessBase"]
[SourceQuality "1"]
[WhiteTeam "Bad Mergentheim"]
[BlackTeam "Werder Bremen"]
[TimeControl "40/5400+30:1800+30"]

1. c4 e6 2. Nc3 d5 3. d4 h6 4. Nf3 Nf6 5. g3 Nc6 6. Bg2 Bd6 7. O-O O-O 8. b3 {[%emt 0:02:58][%cal Bb2b3,Bb3c4][%mdl 32] White is slightly better.} dxc4 9. bxc4 e5 10. d5 Na5 11. Qa4 b6 12. c5 Bd7 13. Qc2 (13. c6 {looks sharper.} Nxd5 14. cxd7 Nxc3 15. Qc2) 13... bxc5 14. Nd2 Qc8 15. Nce4 Nxe4 16. Nxe4 Nb7 17. Be3 f5 18. Nxc5 Nxc5 19. Bxc5 Qa6 20. e4 Bb5 21. Rfe1 Bc4 {[%emt 0:01:50] Weighted Error Value: White=0.08 (flawless) /Black=0.04 (flawless) .  Inaccurate:     	White=1     	---        OK:         	White=8     	Black=8} 1/2-1/2

[Event "German Bundesliga 2024-25"]
[Site "Germany"]
[Date "2024.09.29"]
[Round "2.14"]
[White "Sadhwani, Raunak"]
[Black "Van den Doel, Erik"]
[Result "1-0"]
[Annotator "TA"]
[ECO "C54"]
[WhiteElo "2659"]
[BlackElo "2561"]
[PlyCount "67"]
[EventDate "2024.09.27"]
[EventType "team-tourn"]
[EventCountry "GER"]
[SourceTitle "playchess.com"]
[Source "ChessBase"]
[SourceQuality "1"]
[WhiteTeam "Duesseldorfer SK"]
[BlackTeam "SK Kirchweyhe"]
[TimeControl "40/5400+30:1800+30"]

1. e4 e5 2. Nf3 Nc6 3. Bc4 Bc5 4. O-O Nf6 5. d3 h6 6. c3 d6 7. Re1 (7. b4 $5 Bb6 $8 8. Nbd2 $11) 7... O-O 8. Nbd2 a6 9. Nf1 Ba7 {[%emt 0:05:38] White has an edge.} 10. Ng3 Na5 11. Bb3 Nxb3 12. axb3 Bg4 13. h3 Bxf3 14. Qxf3 Nh7 15. Rf1 (15. Nf5 {with more complications.} Ng5 16. Qg4 Kh7 17. b4) 15... Kh8 16. Kh1 Qd7 17. Nf5 h5 {[%emt 0:05:25] Prevents Qg4.} 18. Qg3 {[%emt 0:04:28][%csl Gf5][%cal Rg3g7] [#]} (18. Qxh5 g6 19. Qf3 gxf5 20. exf5 d5 $11 (20... Rg8 21. Ra4 $17)) 18... g6 19. Ne3 (19. Nh6 {seems wilder.} Kg7 20. b4 c6 21. Be3) 19... c6 20. Bd2 Rae8 21. c4 Bxe3 (21... Bd4 $11) 22. Bxe3 (22. fxe3 Kg7 $11) 22... g5 23. d4 (23. Bxg5 Rg8 24. f4 exf4 $19) 23... f5 24. exf5 (24. Bxg5 $2 f4 25. Bxf4 (25. Qh4 $2 Qg7 $19) 25... Rxf4 26. dxe5 dxe5 $19) 24... Qxf5 25. dxe5 dxe5 26. Ra5 (26. Bd2 $14) 26... Qd3 {[%emt 0:01:37] [#]} (26... Nf6 $11) 27. Re1 $1 $16 (27. Bxg5 $2 {loses.} Qxg3 (27... Qxf1+ $2 28. Kh2 $19) 28. Be3 Qxe3 29. fxe3 Rxf1+ $19) 27... h4 28. Qg4 {[%emt 0:00:16][%cal Oa5e5] Hoping for Rxe5!} Rf6 $2 {[%emt 0:01:45] A mistake that costs the game.} (28... Qf5 $16 {was worth a try.}) 29. Bxg5 (29. Bd4 $142 Qxd4 30. Qxd4 exd4 31. Rxe8+ Kg7 32. Kg1) 29... Rxf2 $18 30. Qxh4 Rf1+ (30... Qc2 $16 31. Qg3 (31. Raxe5 Rxe5 32. Qd4 Qxb2 $16) 31... Rf5) 31. Rxf1 Qxf1+ 32. Kh2 b5 $2 (32... Re6 {might work better.} 33. Rxe5 Rxe5) 33. Rxa6 {[%emt 0:01:47] Ra7 would kill now.} Rg8 34. Ra7 $1 {[%emt 0:00:10] Weighted Error Value: White=0.18 (very precise) /Black=0.44.  Loses game:     	---       	Black=1      Mistake:       	White=2     	Black=4      Inaccurate:     	White=3     	Black=3      OK:         	White=10    	Black=7      Best:        	White=1     	Black=1      Strong:       	White=2     	---} 1-0

[Event "German Bundesliga 2024-25"]
[Site "Germany"]
[Date "2024.10.06"]
[Round "2.14"]
[White "Donchenko, Alexander"]
[Black "Delchev, Aleksander"]
[Result "1-0"]
[Annotator "RC"]
[ECO "C95"]
[WhiteElo "2626"]
[BlackElo "2473"]
[PlyCount "167"]
[EventDate "2024.09.27"]
[EventType "team-tourn"]
[EventCountry "GER"]
[SourceTitle "playchess.com"]
[Source "ChessBase"]
[SourceQuality "1"]
[WhiteTeam "Baden-Baden"]
[BlackTeam "Deggendorf"]
[TimeControl "40/5400+30:1800+30"]

1. e4 e5 2. Nf3 Nc6 3. Bb5 a6 4. Ba4 Nf6 5. O-O Be7 6. Re1 b5 7. Bb3 d6 8. c3 O-O 9. h3 Nb8 10. d4 Nbd7 11. Nbd2 Bb7 12. Bc2 Re8 13. Nf1 Bf8 14. Ng3 g6 15. a4 c5 16. d5 c4 17. Bg5 h6 18. Be3 Qc7 19. Qd2 Kh7 20. Qe2 Nc5 21. h4 h5 22. Ng5+ Kg8 23. Nf1 Rab8 24. Nh2 Bc8 25. Ra2 Bd7 26. axb5 axb5 27. Rea1 Rb7 28. Bd2 Bg7 29. g3 Rc8 30. Kh1 Qd8 31. Qf1 Be8 32. Ra3 Rbb8 33. Be3 Ncd7 34. R1a2 Nc5 35. Ra7 Rc7 36. Qa1 Nfd7 37. Bd1 Nf6 38. Rxc7 Qxc7 39. Ra7 Rb7 40. Ra8 Rb8 41. Ra7 Rb7 42. Bxc5 dxc5 43. Ra8 Rb8 44. Bf3 Bf8 45. Bg2 Bd6 46. Bh3 Kg7 47. Nf1 Nd7 48. Ne3 Nb6 49. Rxb8 Qxb8 50. g4 hxg4 51. Bxg4 Qa8 52. Qg1 Qd8 53. Bh3 Qf6 54. Qg2 Kh8 55. h5 gxh5 56. Nf5 Bf8 57. Qg3 Nd7 58. Qh4 Qg6 59. Nf3 f6 60. Ng3 Qh6 61. Kg2 Qf4 62. Qxf4 exf4 63. Bxd7 Bxd7 64. Nxh5 Be7 65. Nh4 Kg8 66. Nxf4 Kf7 67. Kf3 b4 68. Nf5 Bxf5 69. exf5 Bd6 70. Ng2 bxc3 71. bxc3 Be5 72. Ne3 Bxc3 73. Nxc4 Ke7 74. Ke4 Kd7 75. Kd3 Bd4 76. f3 Kc7 77. Nd2 Kd6 78. Kc4 Ke5 79. Nb3 Bg1 80. Nxc5 Kxf5 81. d6 Bh2 82. d7 Bc7 83. Kd5 Bb6 84. Nb7 1-0

[Event "German Bundesliga 2024-25"]
[Site "Germany"]
[Date "2024.10.06"]
[Round "2.14"]
[White "Wachinger, Nikolas"]
[Black "Vlasak, Lukas"]
[Result "1/2-1/2"]
[Annotator "RC"]
[ECO "B12"]
[WhiteElo "2442"]
[BlackElo "2461"]
[PlyCount "48"]
[EventDate "2024.09.27"]
[EventType "team-tourn"]
[EventCountry "GER"]
[SourceTitle "playchess.com"]
[Source "ChessBase"]
[SourceQuality "1"]
[WhiteTeam "Werder Bremen"]
[BlackTeam "Bad Mergentheim"]
[TimeControl "40/5400+30:1800+30"]

1. e4 c6 2. d4 d5 3. e5 Bf5 4. Nd2 e6 5. Nb3 c5 6. dxc5 Bxc5 7. Bb5+ Nc6 8. Bxc6+ bxc6 9. Nxc5 Qa5+ 10. c3 Qxc5 11. Ne2 Ne7 12. O-O O-O 13. Be3 Qb5 14. b4 Bd3 15. Nd4 Qc4 16. Re1 c5 17. bxc5 h6 18. Qd2 Rac8 19. a4 a6 20. Ra3 Rxc5 21. Rea1 Rcc8 22. Rb3 Bg6 23. Raa3 Nc6 24. Nxc6 Rxc6 1/2-1/2

[Event "German Bundesliga 2024-25"]
[Site "Germany"]
[Date "2024.09.29"]
[Round "2.15"]
[White "Zelcic, Robert"]
[Black "Gustafsson, Jan"]
[Result "1-0"]
[Annotator "TA"]
[ECO "B19"]
[WhiteElo "2444"]
[BlackElo "2604"]
[PlyCount "107"]
[EventDate "2024.09.27"]
[EventType "team-tourn"]
[EventCountry "GER"]
[SourceTitle "playchess.com"]
[Source "ChessBase"]
[SourceQuality "1"]
[WhiteTeam "SK Kirchweyhe"]
[BlackTeam "Duesseldorfer SK"]
[TimeControl "40/5400+30:1800+30"]

1. e4 c6 2. d4 d5 3. Nc3 dxe4 4. Nxe4 Bf5 5. Ng3 Bg6 6. Nf3 Nd7 7. h4 h6 8. h5 Bh7 9. Bd3 Bxd3 10. Qxd3 e6 11. Bd2 Ngf6 12. O-O-O Be7 13. Kb1 Qb6 {[%emt 0:01:19] B19: Classical Caro-Kann: 4...Bf5 main line.} 14. Nh4 O-O-O 15. Nf3 Rhe8 16. Qe2 $146 ({Predecessor:} 16. c4 c5 17. d5 exd5 18. cxd5 Ng4 19. Rhf1 Bf6 20. Bc1 Kb8 21. Qf5 Nge5 22. Nxe5 Nxe5 {½-½ Buksa,N (2407)-Trigo Urquijo,S (2402) ESP-chT CECLUB Honor 2022 (3.2)}) 16... c5 17. Ne5 Rf8 18. Qc4 Kb8 19. Bf4 Ka8 20. dxc5 (20. Nxd7 {looks sharper.} Rxd7 21. dxc5 Rxd1+ 22. Rxd1 Bxc5 23. Ne4) 20... Nxe5 21. Bxe5 Bxc5 (21... Qxc5 {simplifies} 22. Qxc5 Bxc5 23. f3 b5) 22. f3 Rxd1+ 23. Rxd1 Nd5 24. Bd4 (24. Bxg7 $2 Ne3 25. Qd3 Nxd1 26. Qxd1 Rd8 $19) ({Better is} 24. Rd3 $14) 24... Bxd4 (24... Rd8 $1 $15 25. Qxc5 Qxc5 26. Bxc5 Nc3+ 27. bxc3 Rxd1+ 28. Kb2 Rd2) 25. Qxd4 Qxd4 26. Rxd4 Ne3 27. Ne2 Nxg2 28. Rg4 Ne3 29. Rxg7 Kb8 30. Ng3 Rd8 31. b3 Rd1+ $1 32. Kb2 Rg1 33. Kc3 (33. c4 $11) 33... Rg2 $1 $17 34. f4 {[%emt 0:02:48] [#]} (34. a4 $142) 34... Kc8 (34... Rxc2+ 35. Kd3 Rxa2 36. Kxe3 $18) (34... f5 $1 $17 35. Kd4 Ng4) 35. f5 $1 $11 Kd8 ({Of course not} 35... exf5 36. Nxf5 Rxg7 (36... Rxc2+ $2 37. Kd3 $18) 37. Nxg7 $14) (35... Nxc2 36. f6 Ne1 37. Ne4 Rc2+ 38. Kd4 Nf3+ 39. Ke3 $16) (35... Rxc2+ $2 36. Kd3 exf5 37. Kxe3 $18) 36. f6 $1 Ke8 $2 {[%emt 0:01:24] [#]} (36... Nd5+ $1 $14 37. Kb2 Nxf6 38. Rxf7 Nd5) 37. Ne4 $1 $18 Rh2 38. Nd6+ Kd7 39. Nxb7 ({Don't play} 39. Nxf7 Nd5+ 40. Kb2 Nxf6 41. Nxh6+ Kc6 $16) 39... Nd5+ 40. Kb2 e5 41. Rxf7+ Ke6 42. Nd8+ Kf5 43. Rxa7 Nxf6 44. Nc6 e4 45. Re7 Kf4 46. a4 e3 (46... Nd5 $142 47. Rf7+ Kg3) 47. Nb4 $18 Rxh5 48. Nd3+ Kf3 49. Rf7 Rf5 50. a5 Ke4 51. a6 Nd5 52. a7 Rxf7 53. a8=Q (53. a8=B Kd4 54. Bc6 Rf6 $19) 53... e2 54. Qc6 1-0

[Event "German Bundesliga 2024-25"]
[Site "Germany"]
[Date "2024.10.06"]
[Round "2.15"]
[White "Tilicheev, Viacheslav"]
[Black "Hagner, Bennet"]
[Result "0-1"]
[Annotator "TA"]
[ECO "E48"]
[WhiteElo "2438"]
[BlackElo "2311"]
[PlyCount "64"]
[EventDate "2024.09.27"]
[EventType "team-tourn"]
[EventCountry "GER"]
[SourceTitle "playchess.com"]
[Source "ChessBase"]
[SourceQuality "1"]
[WhiteTeam "Deggendorf"]
[BlackTeam "Baden-Baden"]
[TimeControl "40/5400+30:1800+30"]

1. d4 Nf6 2. c4 e6 3. Nc3 Bb4 4. e3 O-O 5. Bd3 d5 6. cxd5 exd5 7. a3 Bd6 8. Qc2 c6 9. Nge2 {[%emt 0:00:41] The position is equal.} Re8 10. Bd2 Nbd7 11. f3 c5 12. h4 g6 {[%emt 0:17:12] [#]} 13. h5 $1 {[%emt 0:01:01][%cal Rh5g6] hxg6 would now be deadly.} Nxh5 (13... gxh5 $2 14. O-O-O $16) 14. Nxd5 (14. Rxh5 $142 gxh5 15. Bxh7+ Kg7 16. O-O-O) 14... cxd4 (14... Ng3 $11 15. Rh6 Bf8) 15. e4 $2 (15. Rxh5 $1 $14 {stays ahead.} gxh5 16. Bxh7+ Kf8 17. O-O-O) 15... Ng3 (15... Ne5 $142 {Threatens to win with ...Be6.} 16. Bb5 Be6) 16. Nxg3 $17 Bxg3+ 17. Kf1 Ne5 ({Black should try} 17... Nf6 $17 18. Nf4 Be6) 18. Bb5 (18. Qa4 $1 $11 {was preferrable.} Nc6 (18... Nxd3 $2 19. Nf6+ Kg7 20. Nxe8+ Kh8 21. Nf6 $18) 19. f4) 18... Bd7 19. Bxd7 Nxd7 20. Qa4 {[%emt 0:00:41][%cal Oa4d7] [#] Qxd7! is the strong threat.} Be5 $1 21. Qb5 Rc8 22. Qxb7 (22. Rd1 $17) 22... Rc2 $19 23. Rd1 (23. Bh6 $19) 23... Nb6 {[%emt 0:04:14] Really sharp!} (23... Nc5 $17 24. Qxa7 Nd3 25. Rxh7 Kxh7 26. Qxf7+ Bg7) 24. Rxh7 $1 $11 Kxh7 25. Qxf7+ Bg7 26. Ke2 $1 {[%emt 0:00:28] Rh1+ would kill now.} Re5 (26... Nxd5 27. Rh1+) 27. g4 {[%emt 0:03:07][%mdl 8192] Dodges Rh5} Qh4 $19 ({Inferior is} 27... Nxd5 28. Rh1+ $16) 28. Kd3 {[%emt 0:05:33] [#]} Rxd2+ $1 29. Rxd2 Nxd5 30. exd5 Qh1 $2 (30... Re7 31. Qf4 Re3+ 32. Kc2 Qe7) 31. d6 $2 (31. Kc2 $19) 31... Qb1+ 32. Kxd4 Re7+ {[%emt 0:00:27] Weighted Error Value: White=0.49/Black=0.45.  Loses game:     	White=1     	---        Mistake:       	White=5     	Black=4      Inaccurate:     	---       	Black=3      OK:         	White=7     	Black=6      Best:        	White=1     	Black=3      Strong:       	White=2     	Black=1} (32... Re1+ $142 33. Kc5 Qc1+ 34. Kb5 Qxd2 35. Qc4 Qxd6 (35... Qxb2+ $2 36. Qb4 $19) 36. Ka4 Re5 (36... Bxb2 37. Qb4 Qc6+ 38. Qb5 Qxf3 39. Qxb2 Qc6+ 40. Ka5 Qc7+ 41. Ka4 Re4+ 42. Qb4 Qc6+ 43. Kb3 Re3+ 44. Ka2 Qc2+ 45. Qb2 Qc4+ 46. Ka1 Re1+ 47. Qb1 Qc3+ 48. Ka2 Re2+ 49. Qc2 Rxc2+ 50. Kb1 Qb2#) 37. Kb3 Rc5 38. Qe2 Qd5+ 39. Ka4 Ra5+ 40. Kb4 Bf8+ 41. Kc3 Rc5+ 42. Kb4 Rc2+ (42... Rb5+ {gets mated.} 43. Kc3 Bg7+ 44. Kc2 Rxb2+ 45. Kc1 Qc5+ 46. Kd1 Rb1+ 47. Kd2 Qc3#) (42... Rc4+ {leads to mate.} 43. Kb3 Re4+ 44. Kc2 Rxe2+ 45. Kb1 Qd4 46. g5 Qxb2#) 43. Ka4 Rxe2 44. b4 Re5 45. f4 Qd1#) 0-1

[Event "German Bundesliga 2024-25"]
[Site "Germany"]
[Date "2024.10.06"]
[Round "2.15"]
[White "Nemec, Jachym"]
[Black "Grigorian, Spartak"]
[Result "1-0"]
[Annotator "TA"]
[ECO "E46"]
[WhiteElo "2398"]
[BlackElo "2433"]
[PlyCount "69"]
[EventDate "2024.09.27"]
[EventType "team-tourn"]
[EventCountry "GER"]
[SourceTitle "playchess.com"]
[Source "ChessBase"]
[SourceQuality "1"]
[WhiteTeam "Bad Mergentheim"]
[BlackTeam "Werder Bremen"]
[TimeControl "40/5400+30:1800+30"]

1. d4 Nf6 2. c4 e6 3. Nc3 Bb4 4. e3 O-O 5. Nge2 Re8 6. a3 Bf8 7. Ng3 d5 8. cxd5 exd5 9. Bd3 b6 10. b4 {[%emt 0:01:33] The position is equal.} Nbd7 11. O-O c5 12. Rb1 cxd4 13. exd4 a5 14. Bf4 axb4 15. axb4 Nb8 16. Bg5 Na6 (16... Bb7 $16) 17. Bxf6 (17. Nh5 $18 {Threatens to win with Bxf6.} Be7 18. Bb5) 17... Qxf6 $16 18. Nxd5 Qd8 {[%emt 0:14:03] [#]} 19. Qh5 h6 ({But not} 19... g6 $2 20. Qf3 Kg7 21. Nxb6 $18) 20. b5 {[%emt 0:05:17] White has more active pieces.} Nb8 21. Rfd1 Ra3 22. Ne3 $40 {[%emt 0:02:23][%cal Bd5e3,Be3f5,Bf5h4,Bh4g6,Bg6e5,Be5g6,Bg6e7][%mdl 160] White wants a kill. Excellent horsemanship.} Nd7 $2 (22... Be6 $16 {is a better defense.}) 23. Bc4 $18 Nf6 24. Qxf7+ Kh8 25. Nef5 {[%emt 0:02:06] Repels Re7} Rc3 26. Re1 {[%emt 0:06:26] [#] Nh4 is the strong threat.} Bd7 27. Ba2 ({White should play} 27. Rec1 $18 Rxc4 28. Qxc4 (28. Rxc4 Be6 $18)) 27... Rxe1+ $16 28. Rxe1 Bxb5 29. Nh4 {[%emt 0:07:19] White wants to mate with Nh5.} Bb4 $2 {[%emt 0:01:33][%mdl 8192] This move loses the game for Black.} (29... Bd3 $16) 30. Ng6+ Kh7 {[%emt 0:00:01][%cal Oc3c7] ...Rc7! would now be deadly.} 31. Ne5 Rxg3 (31... Bd3 $142 32. Nxd3 Rxd3) 32. hxg3 $18 {[%emt 0:00:46] Intending Qg6+ and mate.} Be8 33. Bb1+ {[%emt 0:00:09] White mates.} Kh8 34. Ng6+ Kh7 35. Ne7+ {[%emt 0:00:13] Weighted Error Value: White=0.27 (precise) /Black=0.65.  Loses game:     	---       	Black=2      Mistake:       	White=2     	Black=2      Inaccurate:     	---       	Black=5      OK:         	White=11    	Black=6      Best:        	White=2     	Black=1} 1-0

[Event "German Bundesliga 2024-25"]
[Site "Germany"]
[Date "2024.09.29"]
[Round "2.16"]
[White "Bologan, Victor"]
[Black "Zaja, Ivan"]
[Result "1-0"]
[Annotator "TA"]
[ECO "C18"]
[WhiteElo "2598"]
[BlackElo "2421"]
[PlyCount "91"]
[EventDate "2024.09.27"]
[EventType "team-tourn"]
[EventCountry "GER"]
[SourceTitle "playchess.com"]
[Source "ChessBase"]
[SourceQuality "1"]
[WhiteTeam "Duesseldorfer SK"]
[BlackTeam "SK Kirchweyhe"]
[TimeControl "40/5400+30:1800+30"]

1. e4 e6 2. d4 d5 3. Nc3 Bb4 4. e5 c5 5. a3 Ba5 6. b4 cxd4 7. Qg4 Ne7 8. bxa5 dxc3 9. Qxg7 Rg8 10. Qxh7 Nbc6 11. Nf3 $1 {[%emt 0:00:12] 11.Nf3 is better than 11.f4.} Qc7 12. Bf4 Bd7 13. a6 {[%emt 0:01:55] C18: French: 3 Nc3 Bb4: Main line: 7 h4 and 7 Qg4.} O-O-O 14. Qd3 Rg4 15. axb7+ Kb8 16. g3 Ng6 17. Qxc3 (17. Be3 $2 d4 18. Nxd4 Nxd4 (18... Ngxe5 $2 19. Qxc3 Nxd4 20. Qxc7+ Kxc7 21. O-O-O $19) 19. Bxd4 Rxd4 $19 (19... Qxb7 $2 20. f3 $18) (19... Bc6 $2 20. Bxa7+ Kxb7 21. Qa6+ Ka8 22. Bb6+ Kb8 $18)) 17... Nxf4 (17... Kxb7 $2 18. h3 Rxf4 19. gxf4 $18) 18. h3 $1 Nxh3 (18... d4 $2 19. Qc5 Nxh3 20. Bxh3 (20. Rxh3 Nxe5 21. Qxc7+ Kxc7 $16) 20... Re4+ 21. Kf1 $18) 19. Rxh3 Re4+ (19... d4 $16 {is a better defense.} 20. Qc5 Nxe5 21. Qxc7+ (21. Qxe5 Re4+ 22. Qxe4 Qc3+ 23. Kd1 Qxa1+ 24. Ke2 Bb5+ 25. Kd2 Qxf1 $11) 21... Kxc7 22. Nxe5 Re4+ 23. Be2 Rxe5) 20. Kd2 $2 ({White has to play} 20. Be2 $1 $18) 20... Qb6 $1 $11 (20... Kxb7 $2 21. Rb1+ Ka8 22. Rh7 $18) 21. Rh2 d4 $1 (21... Kxb7 22. Kc1 Kc7 23. Rb1 $18) 22. Qd3 $146 ({Predecessor:} 22. Qb3 Qa5+ 23. Kd1 Nxe5 24. Nd2 d3 25. Nxe4 dxc2+ 26. Kc1 Qe1+ 27. Kxc2 Qxe4+ 28. Kb2 {0-1 Gonzalez Lopez,N (2200)-Akhmetov,A (2438) FISU World University rapid 2020 (4.7)}) 22... Qa5+ (22... Rxe5 $1 $11 {remains equal.} 23. Nxe5 Nxe5) 23. Kd1 (23. Kc1 $16 Qd5 24. Bg2 (24. Qb5 Qxb5 25. Bxb5 Nxe5 $11)) 23... Rxe5 $1 $11 24. Nxe5 (24. Nxd4 $2 Re1#) 24... Nxe5 25. Rh5 (25. Qxd4 $2 Be8 $19 (25... Kxb7 $2 26. Kc1 $18) (25... Kxb7 $2 26. Kc1 $18)) 25... f5 $2 (25... Qc7 $1 $11 {and Black has nothing to worry.} 26. Qb3 (26. Qxd4 $2 Bb5 $19) 26... Bc6) 26. Qd2 $1 $18 (26. Qxd4 $2 Be8 $19 (26... Kxb7 $2 27. Rh7 $18) (26... Kxb7 $2 27. Rh7 $18)) 26... Qd5 27. f4 (27. Bd3 $18) 27... d3 $16 28. Kc1 $1 (28. cxd3 Qf3+ 29. Qe2 (29. Be2 $2 Ba4+ 30. Kc1 Nxd3+ 31. Bxd3 Qxh5 $19) 29... Ba4+ 30. Kd2 Rxd3+ 31. Qxd3 Nxd3 32. Rh8+ Kxb7 33. Bxd3 Qxg3 34. Rb1+ Kc6 35. Rc8+ Kd7 $19) (28. Bxd3 $6 Nxd3 (28... Be8 29. fxe5 Bxh5+ 30. Kc1 $16) 29. cxd3 (29. Qxd3 $2 Be8 $19) 29... Ba4+ 30. Ke1 Qd4 $11 (30... Qf3 $2 31. Rh3 $18)) 28... Qf3 29. fxe5 (29. Bxd3 Nxd3+ (29... Qxh5 30. fxe5 Qh1+ 31. Kb2 $14) 30. Qxd3 Qxh5 31. Qd6+ Kxb7 32. Rb1+ Ka8 $17) 29... Qxh5 30. Qxd3 Qg5+ 31. Kb2 Bc6 {[%emt 0:00:26] [#]} 32. Qc3 $1 Bxb7 {[%emt 0:01:28] [#]} 33. Bc4 $1 Rc8 34. Rd1 f4 35. Rd7 fxg3 36. Qd4 Rxc4 (36... g2 37. Ba6 Rc7 (37... g1=R 38. Rxb7+ Ka8 39. Qxa7#) 38. Qd6 $18) 37. Qxc4 Qxe5+ 38. c3 a6 39. a4 (39. Qb4 $5 Qb5 $8 40. Qxb5 axb5 41. Kc2 $11) 39... Ka7 $2 (39... a5 $11) 40. Qb4 Qb8 41. Qd4+ Ka8 42. Rd8 Bc8+ 43. Ka3 Qc7 44. Rg8 e5 45. Qe4+ Ka7 46. Rxg3 1-0

[Event "German Bundesliga 2024-25"]
[Site "Germany"]
[Date "2024.10.06"]
[Round "2.16"]
[White "Colbow, Collin"]
[Black "Kusa, Jakub"]
[Result "1/2-1/2"]
[Annotator "TA"]
[ECO "C65"]
[WhiteElo "2438"]
[BlackElo "2402"]
[PlyCount "108"]
[EventDate "2024.09.27"]
[EventType "team-tourn"]
[EventCountry "GER"]
[SourceTitle "playchess.com"]
[Source "ChessBase"]
[SourceQuality "1"]
[WhiteTeam "Werder Bremen"]
[BlackTeam "Bad Mergentheim"]
[TimeControl "40/5400+30:1800+30"]

1. e4 e5 2. Nf3 Nc6 3. Bb5 Nf6 4. d3 Bc5 5. c3 d5 6. exd5 {[%emt 0:00:07] C65: Ruy Lopez: Berlin Defence (3...Nf6), unusual lines and 4 0-0 Bc5.} Qxd5 7. Bc4 Qd6 8. b4 Bb6 9. Nbd2 Bf5 10. Ng5 O-O 11. Nde4 Nxe4 12. dxe4 Qxd1+ 13. Kxd1 Bg4+ 14. f3 Bd7 15. a4 h6 16. a5 hxg5 17. Bxg5 Bxa5 18. bxa5 b6 19. Bd5 Rae8 $146 ({Predecessor:} 19... Rac8 20. axb6 cxb6 21. h4 Rfe8 22. Bxc6 Rxc6 23. Rxa7 Be6 24. Ra3 b5 25. Ke2 Rec8 {½-½ Grandelius,N (2659)-Vidit,S (2721) Prague Masters 2nd 2020 (4)}) 20. axb6 axb6 21. h4 Na5 22. h5 c6 23. Ba2 Be6 24. h6 Bxa2 25. Rxa2 Re6 26. g4 gxh6 27. Bxh6 Rd8+ 28. Ke2 c5 29. Rh5 Nc6 (29... Red6 $11) 30. Bg5 f6 31. Be3 Kg7 32. Rh1 (32. Ra1 $16) 32... Red6 33. Rb1 Na5 34. Rh1 (34. Bxc5 bxc5 35. Rxa5 Rd2+ 36. Ke1 Rc2 37. Rb7+ (37. Rxc5 {gets mated.} Rh8 38. Rb7+ Kg6 39. Kd1 Rg2) 37... Kh6 $11) 34... Nc4 35. Ra7+ R6d7 36. Rha1 Kg6 37. Rxd7 Rxd7 38. Ra6 Nxe3 39. Kxe3 c4 40. Rxb6 Rd3+ 41. Kf2 Kg5 42. Kg3 Rxc3 43. Rc6 Rc1 44. Rc8 c3 45. Rg8+ Kh6 46. Rh8+ Kg7 47. Rc8 c2 48. Kg2 Kh6 49. Rc3 Kg6 50. Rc7 Kg5 51. Rc6 Kg6 52. Rc7 Kh6 53. Rc3 $1 Kg5 54. Rc6 Kg6 1/2-1/2